| TOP OF THE 1ST |
|
Delmarva Shorebirds batting - Pitching for Lake County Captains : RHP Eugene Stott
|
|
Pitching: RHP Eugene Stott
|
|
|
Batting: RHB Willie Manrique
|
0-0: Ball 1-0: Ball 2-0: Called Strike 2-1: Foul Ball, location: 2F 2-2: Foul Ball, location: 2F 2-2: Ball 3-2: Ground out 6-3 (Groundball, 6D, EV 89.4 MPH)
|
|
Batting: LHB Jose Bethancourt
|
0-0: Ground out 5-3 (Groundball, 5, EV 87.5 MPH)
|
|
Batting: RHB Longfellow Wetzler
|
0-0: Reached on error, E5 (Groundball, 5, EV 91.2 MPH)
|
|
Batting: LHB Pat Shaddock
|
0-0: Called Strike 0-1: Ball 1-1: Called Strike 1-2: Foul Ball, location: 2F 1-2: Ball Longfellow Wetzler steals 2nd base 2-2: Ball 3-2: Base on Balls
|
|
Batting: RHB Kiyuu del Castillo
|
0-0: Ball 1-0: Called Strike 1-1: Swinging Strike 1-2: Fly out, F9 (Flyball, 89M, EV 89.4 MPH)
|
| Top of the 1st over - 0 runs, 0 hits, 1 error, 2 left on base; Delmarva 0 - Lake County 0 |
| BOTTOM OF THE 1ST |
|
Lake County Captains batting - Pitching for Delmarva Shorebirds : RHP Josh Blankenship
|
|
Pitching: RHP Josh Blankenship
|
|
|
Batting: LHB Tim Fuller
|
0-0: Ball 1-0: Called Strike 1-1: Foul Ball, location: 2F 1-2: Ball 2-2: SINGLE (Groundball, 6MD, EV 104.4 MPH)
|
|
Batting: LHB Danny Moreno
|
0-0: Called Strike Tim Fuller steals 2nd base 0-1: Ball 1-1: Ball 2-1: Swinging Strike 2-2: Strikes out swinging
|
|
Batting: SHB Charlie Diesel
|
0-0: Swinging Strike 0-1: SINGLE (Flyball, 78S, EV 88.8 MPH) Tim Fuller to third Runner from 3rd tries for Home, SAFE, throw by LF to home
|
|
Batting: LHB Justin Rankin
|
Pickoff Throw to First - Out! 1-3 0-0: SINGLE (Line Drive, 9S, EV 95.6 MPH)
|
|
Batting: RHB Danny Millsaps
|
0-0: Ball Wild Pitch! Justin Rankin to second 1-0: Called Strike 1-1: Ball 2-1: Called Strike 2-2: Fly out, F7 (Line Drive, 7, EV 91.2 MPH)
|
| Bottom of the 1st over - 1 run, 3 hits, 0 errors, 1 left on base; Delmarva 0 - Lake County 1 |
| TOP OF THE 2ND |
|
Delmarva Shorebirds batting - Pitching for Lake County Captains : RHP Eugene Stott
|
|
Batting: LHB Momoru Yasui
|
0-0: Swinging Strike 0-1: Swinging Strike 0-2: Ball 1-2: Strikes out swinging
|
|
Batting: RHB Mario Luna
|
0-0: Foul Ball, location: 2F 0-1: Foul Ball, location: 2F 0-2: Ball 1-2: Foul Ball, location: 2F 1-2: Ground out 6-3 (Groundball, 6, EV 105.0 MPH)
|
|
Batting: RHB Julio Ehm
|
0-0: Called Strike 0-1: Ball 1-1: Foul Ball, location: 2F 1-2: Foul Ball, location: 2F 1-2: Ball 2-2: Foul Ball, location: 2F 2-2: Ball 3-2: Foul Ball, location: 2F 3-2: Base on Balls
|
|
Batting: LHB Rodolfo Montes
|
0-0: Called Strike 0-1: Called Strike 0-2: Strikes out looking
|
| Top of the 2nd over - 0 runs, 0 hits, 0 errors, 1 left on base; Delmarva 0 - Lake County 1 |
| BOTTOM OF THE 2ND |
|
Lake County Captains batting - Pitching for Delmarva Shorebirds : RHP Josh Blankenship
|
|
Batting: SHB Travis Burnett
|
0-0: Ball 1-0: Foul Ball, location: 2F 1-1: Foul Ball, location: 2F 1-2: Foul Ball, location: 2F 1-2: Strikes out swinging
|
|
Batting: RHB Adrian Martinelli
|
0-0: Reached on error, E2 (Groundball, 2L, EV 68.8 MPH)
|
|
Batting: LHB Ubbe de Bruin
|
0-0: Foul Ball, location: 2F 0-1: Ground out 6-3 (Groundball, 6, EV 84.4 MPH) Adrian Martinelli to third
|
|
Batting: LHB Alan Kelly
|
0-0: SINGLE (Groundball, 34D, EV 108.1 MPH) Adrian Martinelli scores
|
|
Batting: LHB Tim Fuller
|
0-0: SINGLE (Groundball, 4MD, EV 106.9 MPH) Alan Kelly to second
|
|
Batting: LHB Danny Moreno
|
0-0: Foul Ball, location: 2F 0-1: Ball 1-1: Ball 2-1: Ball 3-1: Called Strike 3-2: Ground out U3 (Groundball, 3, EV 89.4 MPH)
|
| Bottom of the 2nd over - 1 run, 2 hits, 1 error, 2 left on base; Delmarva 0 - Lake County 2 |
| TOP OF THE 3RD |
|
Delmarva Shorebirds batting - Pitching for Lake County Captains : RHP Eugene Stott
|
|
Batting: RHB Willie Manrique
|
0-0: Ball 1-0: Called Strike 1-1: Ball 2-1: Called Strike 2-2: Ball 3-2: Base on Balls
|
|
Batting: LHB Jose Bethancourt
|
0-0: Ball 1-0: Called Strike 1-1: Called Strike 1-2: Strikes out swinging
|
|
Batting: RHB Longfellow Wetzler
|
0-0: Called Strike 0-1: Called Strike 0-2: Strikes out swinging
|
|
Batting: LHB Pat Shaddock
|
0-0: Called Strike 0-1: Foul Ball, location: 2F 0-2: Fly out, F7 (Flyball, 7S, EV 92.5 MPH)
|
| Top of the 3rd over - 0 runs, 0 hits, 0 errors, 1 left on base; Delmarva 0 - Lake County 2 |
| BOTTOM OF THE 3RD |
|
Lake County Captains batting - Pitching for Delmarva Shorebirds : RHP Josh Blankenship
|
|
Batting: SHB Charlie Diesel
|
0-0: Called Strike 0-1: Called Strike 0-2: Ball 1-2: Foul Ball, location: 2F 1-2: Foul Ball, location: 2F 1-2: DOUBLE (Line Drive, 9LD, EV 110.6 MPH)
|
|
Batting: LHB Justin Rankin
|
0-0: Ball 1-0: Ball 2-0: Hit by Pitch
|
|
Batting: RHB Danny Millsaps
|
0-0: Foul Ball, location: 2F 0-1: Ball 1-1: Hit by Pitch Charlie Diesel to third Justin Rankin to second
|
|
Batting: SHB Travis Burnett
|
0-0: Foul Ball, location: 2F 0-1: Foul Ball, location: 2F 0-2: Ball 1-2: Strikes out swinging
|
|
Batting: RHB Adrian Martinelli
|
0-0: Ball 1-0: Called Strike 1-1: Foul Ball, location: 2F 1-2: Ball 2-2: Foul Ball, location: 2F 2-2: Fielders Choice at 2nd, 4-6 (Groundball, 4, EV 99.4 MPH) Charlie Diesel scores Justin Rankin to third
|
|
Batting: LHB Ubbe de Bruin
|
0-0: Ball 1-0: Ground out 1-3 (Groundball, 13, EV 63.8 MPH)
|
| Bottom of the 3rd over - 1 run, 1 hit, 0 errors, 2 left on base; Delmarva 0 - Lake County 3 |
| TOP OF THE 4TH |
|
Delmarva Shorebirds batting - Pitching for Lake County Captains : RHP Eugene Stott
|
|
Batting: RHB Kiyuu del Castillo
|
0-0: Ball 1-0: Foul Ball, location: 2F 1-1: Ball 2-1: Ball 3-1: Fly out, F3 (Popup, 4S, EV 78.1 MPH)
|
|
Batting: LHB Momoru Yasui
|
0-0: Ball 1-0: Ball 2-0: Foul Ball, location: 2F 2-1: Foul Ball, location: 2F 2-2: Hit by Pitch
|
|
Batting: RHB Mario Luna
|
0-0: Called Strike 0-1: Ball 1-1: Ball 2-1: Swinging Strike 2-2: Strikes out swinging
|
|
Batting: RHB Julio Ehm
|
0-0: Ball 1-0: Foul Ball, location: 2F 1-1: Ball 2-1: Ball 3-1: Called Strike 3-2: DOUBLE (Flyball, 8LXD, EV 96.2 MPH) Momoru Yasui to third Momoru Yasui scores
|
|
Batting: LHB Rodolfo Montes
|
0-0: Foul Ball, location: 2F 0-1: Ball 1-1: Fly out, F6 (Line Drive, 6, EV 69.4 MPH)
|
| Top of the 4th over - 1 run, 1 hit, 0 errors, 1 left on base; Delmarva 1 - Lake County 3 |
| BOTTOM OF THE 4TH |
|
Lake County Captains batting - Pitching for Delmarva Shorebirds : RHP Josh Blankenship
|
|
Batting: LHB Alan Kelly
|
0-0: Ball 1-0: Swinging Strike 1-1: Foul Ball, location: 2F 1-2: Foul Ball, location: 2F 1-2: Ball 2-2: Ground out U3 (Groundball, 3, EV 107.5 MPH)
|
|
Batting: LHB Tim Fuller
|
0-0: Called Strike 0-1: Swinging Strike 0-2: Ball 1-2: Strikes out swinging
|
|
Batting: LHB Danny Moreno
|
0-0: Ball 1-0: Swinging Strike 1-1: Called Strike 1-2: Foul Ball, location: 2F 1-2: Ball 2-2: Ball 3-2: Base on Balls
|
|
Batting: SHB Charlie Diesel
|
0-0: Ball 1-0: Ball 2-0: Called Strike 2-1: Ball 3-1: Ground out U3 (Groundball, 3, EV 90.0 MPH)
|
| Bottom of the 4th over - 0 runs, 0 hits, 0 errors, 1 left on base; Delmarva 1 - Lake County 3 |
| TOP OF THE 5TH |
|
Delmarva Shorebirds batting - Pitching for Lake County Captains : RHP Eugene Stott
|
|
Batting: RHB Willie Manrique
|
0-0: Called Strike 0-1: Called Strike 0-2: Ground out 2-3 (Groundball, 15S, EV 63.8 MPH)
|
|
Batting: LHB Jose Bethancourt
|
0-0: Ball 1-0: Foul Ball, location: 2F 1-1: Foul Ball, location: 2F 1-2: Foul Ball, location: 2F 1-2: Ball 2-2: Ball 3-2: Ground out 5-3 (Groundball, 56, EV 83.1 MPH)
|
|
Batting: RHB Longfellow Wetzler
|
0-0: Foul Ball, location: 2F 0-1: Ball 1-1: Foul Ball, location: 2F 1-2: Foul Ball, location: 2F 1-2: Strikes out looking
|
| Top of the 5th over - 0 runs, 0 hits, 0 errors, 0 left on base; Delmarva 1 - Lake County 3 |
| BOTTOM OF THE 5TH |
|
Lake County Captains batting - Pitching for Delmarva Shorebirds : RHP Josh Blankenship
|
|
Batting: LHB Justin Rankin
|
0-0: Ball 1-0: SINGLE (Groundball, 3D, EV 101.2 MPH)
|
|
Batting: RHB Danny Millsaps
|
0-0: Called Strike 0-1: Ball 1-1: SINGLE (Flyball, 8RS, EV 90.6 MPH) Justin Rankin to second Runner from 2nd tries for 3rd, SAFE, throw by CF made to third
|
|
Pitching: LHP Mark Gehring
|
|
|
Batting: SHB Travis Burnett
|
0-0: Called Strike 0-1: Ball 1-1: Ball 2-1: Foul Ball, location: 2F 2-2: Foul Ball, location: 2F 2-2: Strikes out swinging
|
|
Batting: RHB Adrian Martinelli
|
0-0: Ball 1-0: Ball 2-0: Swinging Strike 2-1: Ground out 5-3 (Groundball, 56, EV 86.9 MPH) Danny Millsaps to second
|
|
Batting: LHB Ubbe de Bruin
|
0-0: Ball 1-0: Foul Ball, location: 2F 1-1: Ball 2-1: Foul Ball, location: 2F 2-2: Ball 3-2: Base on Balls
|
|
Batting: LHB Alan Kelly
|
0-0: SINGLE (Groundball, 34D, EV 101.9 MPH) Justin Rankin scores Danny Millsaps to third Ubbe de Bruin to second
|
|
Batting: LHB Tim Fuller
|
0-0: Ball 1-0: Foul Ball, location: 2F 1-1: Foul Ball, location: 2F 1-2: Ball 2-2: Strikes out swinging
|
| Bottom of the 5th over - 1 run, 3 hits, 0 errors, 3 left on base; Delmarva 1 - Lake County 4 |
| TOP OF THE 6TH |
|
Delmarva Shorebirds batting - Pitching for Lake County Captains : RHP Eugene Stott
|
|
Batting: LHB Pat Shaddock
|
0-0: Foul Ball, location: 2F 0-1: SINGLE (Groundball, 56D, EV 98.8 MPH)
|
|
Batting: RHB Kiyuu del Castillo
|
0-0: Swinging Strike 0-1: Ball 1-1: Called Strike 1-2: Strikes out swinging
|
|
Batting: LHB Momoru Yasui
|
0-0: Ball 1-0: Foul Ball, location: 2F 1-1: Ball 2-1: Ball 3-1: SINGLE (Flyball, 5D, EV 89.4 MPH) Pat Shaddock to second
|
|
Pitching: RHP Tatsuhito Shiota
|
|
|
Batting: RHB Mario Luna
|
0-0: Ball 1-0: Ball 2-0: Ball 3-0: Base on Balls Pat Shaddock to third Momoru Yasui to second
|
|
Batting: RHB Julio Ehm
|
0-0: Called Strike 0-1: Called Strike 0-2: Strikes out swinging
|
|
Batting: LHB Rodolfo Montes
|
0-0: GRAND SLAM HOME RUN (Flyball, 9D, EV 98.1 MPH), Distance : 374 ft
|
|
Batting: RHB Willie Manrique
|
0-0: Ball 1-0: Called Strike 1-1: Ball 2-1: Ball 3-1: Swinging Strike 3-2: Ground out U3 (Groundball, 3L, EV 103.8 MPH)
|
| Top of the 6th over - 4 runs, 3 hits, 0 errors, 0 left on base; Delmarva 5 - Lake County 4 |
| BOTTOM OF THE 6TH |
|
Lake County Captains batting - Pitching for Delmarva Shorebirds : LHP Mark Gehring
|
|
Batting: LHB Danny Moreno
|
0-0: Called Strike 0-1: Swinging Strike 0-2: Ball 1-2: Strikes out swinging
|
|
Batting: SHB Charlie Diesel
|
0-0: Ball 1-0: Ball 2-0: Called Strike 2-1: Called Strike 2-2: Ball 3-2: Ground out 6-3 (Groundball, 6, EV 91.9 MPH)
|
|
Batting: LHB Justin Rankin
|
0-0: Called Strike 0-1: Swinging Strike 0-2: Strikes out swinging
|
| Bottom of the 6th over - 0 runs, 0 hits, 0 errors, 0 left on base; Delmarva 5 - Lake County 4 |
| TOP OF THE 7TH |
|
Delmarva Shorebirds batting - Pitching for Lake County Captains : RHP Tatsuhito Shiota
|
|
Pitching: LHP Jordan Leon
|
|
|
Batting: LHB Jose Bethancourt
|
0-0: Ball 1-0: Called Strike 1-1: Fly out, F8 (Line Drive, 8RD, EV 90.0 MPH)
|
|
Pitching: LHP Alcander Magos
|
|
|
Batting: RHB Longfellow Wetzler
|
0-0: Foul Ball, location: 2F 0-1: Foul Ball, location: 2F 0-2: Ball 1-2: Strikes out looking
|
|
Batting: LHB Pat Shaddock
|
0-0: Ball 1-0: Called Strike 1-1: Swinging Strike 1-2: Ball 2-2: Ball 3-2: Foul Ball, location: 2F 3-2: Foul Ball, location: 2F 3-2: Foul Ball, location: 2F 3-2: Foul Ball, location: 2F 3-2: Base on Balls
|
|
Batting: RHB Kiyuu del Castillo
|
0-0: Ball 1-0: Ball 2-0: Called Strike 2-1: Foul Ball, location: 2F 2-2: Strikes out looking
|
| Top of the 7th over - 0 runs, 0 hits, 0 errors, 1 left on base; Delmarva 5 - Lake County 4 |
| BOTTOM OF THE 7TH |
|
Lake County Captains batting - Pitching for Delmarva Shorebirds : LHP Mark Gehring
|
|
Pitching: RHP Wayne Lammers
|
|
|
Batting: RHB Danny Millsaps
|
0-0: Called Strike 0-1: Foul Ball, location: 2F 0-2: Strikes out swinging
|
|
Batting: SHB Travis Burnett
|
0-0: SINGLE (Groundball, 56D, EV 97.5 MPH)
|
|
Batting: RHB Adrian Martinelli
|
0-0: Called Strike 0-1: Grounds into double play, 6-4-3 (Groundball, 6, EV 88.1 MPH)
|
| Bottom of the 7th over - 0 runs, 1 hit, 0 errors, 0 left on base; Delmarva 5 - Lake County 4 |
| TOP OF THE 8TH |
|
Delmarva Shorebirds batting - Pitching for Lake County Captains : LHP Alcander Magos
|
|
Batting: LHB Momoru Yasui
|
0-0: Called Strike 0-1: Ground out 4-3 (Groundball, 34, EV 104.4 MPH)
|
|
Batting: RHB Mario Luna
|
0-0: Called Strike 0-1: Ball 1-1: Swinging Strike 1-2: Strikes out swinging
|
|
Batting: RHB Julio Ehm
|
0-0: Called Strike 0-1: Swinging Strike 0-2: SINGLE (Groundball, 34D, EV 100.6 MPH)
|
|
Batting: LHB Rodolfo Montes
|
0-0: Called Strike 0-1: Foul Ball, location: 2F 0-2: Ball 1-2: Strikes out looking
|
| Top of the 8th over - 0 runs, 1 hit, 0 errors, 1 left on base; Delmarva 5 - Lake County 4 |
| BOTTOM OF THE 8TH |
|
Lake County Captains batting - Pitching for Delmarva Shorebirds : RHP Wayne Lammers
|
|
Batting: LHB Ubbe de Bruin
|
0-0: Swinging Strike 0-1: Ball 1-1: Ground out U3 (Groundball, 3L, EV 108.8 MPH)
|
|
Batting: LHB Alan Kelly
|
0-0: Ball 1-0: Ball 2-0: Ball 3-0: Called Strike 3-1: Called Strike 3-2: Fly out, F8 (Flyball, 8RS, EV 86.2 MPH)
|
|
Batting: LHB Tim Fuller
|
0-0: Foul Ball, location: 2F 0-1: Swinging Strike 0-2: Foul Ball, location: 2F 0-2: Ball 1-2: Foul Ball, location: 2F 1-2: Strikes out looking
|
| Bottom of the 8th over - 0 runs, 0 hits, 0 errors, 0 left on base; Delmarva 5 - Lake County 4 |
| TOP OF THE 9TH |
|
Delmarva Shorebirds batting - Pitching for Lake County Captains : LHP Alcander Magos
|
|
Pitching: LHP Aaron Manees
|
|
|
Batting: RHB Willie Manrique
|
0-0: Called Strike 0-1: Ball 1-1: SINGLE (Groundball, 56S, EV 61.2 MPH) (infield hit)
|
|
Batting: LHB Jose Bethancourt
|
0-0: Called Strike 0-1: Ball Willie Manrique is caught stealing 2nd base 2-6 1-1: Fly out, F7 (Line Drive, 7, EV 105.6 MPH)
|
|
Batting: RHB Longfellow Wetzler
|
0-0: Swinging Strike 0-1: Called Strike 0-2: Foul Ball, location: 2F 0-2: Ball 1-2: Strikes out looking
|
| Top of the 9th over - 0 runs, 1 hit, 0 errors, 0 left on base; Delmarva 5 - Lake County 4 |
| BOTTOM OF THE 9TH |
|
Lake County Captains batting - Pitching for Delmarva Shorebirds : RHP Wayne Lammers
|
|
Pitching: RHP Nick Hoag
|
|
|
Batting: LHB Danny Moreno
|
0-0: Called Strike 0-1: Foul Ball, location: 2F 0-2: Ball 1-2: Foul Ball, location: 2F 1-2: Ball 2-2: Hit by Pitch
|
|
Batting: SHB Charlie Diesel
|
0-0: Ball 1-0: Called Strike 1-1: Ball 2-1: Ball 3-1: Swinging Strike 3-2: Strikes out swinging
|
|
Batting: LHB Justin Rankin
|
0-0: Fly out, F9 (Flyball, 9LM, EV 98.8 MPH)
|
|
Batting: RHB Danny Millsaps
|
0-0: Ball 1-0: Ground out 4-3 (Groundball, 4, EV 85.0 MPH)
|
| Bottom of the 9th over - 0 runs, 0 hits, 0 errors, 1 left on base; Delmarva 5 - Lake County 4 |
|